 Dungeon Crawl Stone Soup version 0.29.1-2-gbd0b4ee654 (webtiles) character file.

Game seed: 9799018279051847160

25 qeuew the Slasher (level 2, -8/22 HPs)
             Began as a Demonspawn Gladiator on Nov 2, 2022.
             Mangled by a gnoll
             ... wielding a +0 flail
              (10 damage)
             ... on level 2 of the Dungeon.
             The game lasted 00:03:43 (1335 turns).

qeuew the Slasher (Demonspawn Gladiator)            Turns: 1335, Time: 00:03:44

Health: -8/22      AC:  3    Str: 14    XL:     2   Next: 86%
Magic:  2/2        EV: 12    Int:  9    God:
Gold:   96         SH:  0    Dex: 14    Spells: 1/1 levels left

rFire   . . .      SeeInvis .   a - +0 long sword
rCold   . . .      Faith    .   (no shield)
rNeg    . . .      Spirit   .   b - +0 leather armour
rPois   .          Reflect  .   (helmet restricted)
rElec   .          Harm     .   (no cloak)
rCorr   .          Rampage  .   (no gloves)
Will    +....      Rage     3%  (no boots)
Stlth   +.........              (no amulet)
HPRegen 0.07/turn               (no ring)
MPRegen 0.08/turn               (no ring)

@: no status effects
A: slimy green scales 1, horns 1, talons 1, berserk 1, deformed body,
strong-willed 1, MP-powered wands
a: no special abilities


You were on level 2 of the Dungeon.
You visited 1 branch of the dungeon, and saw 2 of its levels.

You collected 96 gold pieces.

Inventory:

Hand Weapons
 a - a +0 long sword (weapon)
Missiles
 d - 3 throwing nets (quivered)
 e - a javelin
Armour
 b - a +0 leather armour (worn)
 c - a +0 helmet
Jewellery
 i - a ring of resist corrosion
Wands
 j - a wand of roots (6)
Scrolls
 h - a scroll of identify
Potions
 g - a potion of curing


   Skills:
 + Level 2.1 Fighting
 + Level 3.1 Long Blades
 + Level 1.8 Throwing
 * Level 1.1 Armour
 + Level 2.9 Dodging


You had one spell level left.
You didn't know any spells.
Your spell library was empty.

Dungeon Overview and Level Annotations

Branches:
Dungeon (2/15)

Altars:

Shops:
D:1 [*=?

Annotations:
D:1 good amulet


Innate Abilities, Weirdness & Mutations

You are partially covered in slimy green scales. (AC +2)
You have a pair of small horns on your head.
You have sharp toenails.
You sometimes lose your temper in combat.
Armour fits poorly on your strangely shaped body.
You are strong-willed. (Will+)
You expend magic power (3 MP) to strengthen your wands.


Message History

You hit the ball python.
You kill the ball python!
You hear a shout!
A gnoll comes into view. It is wielding a +0 flail.
The gnoll closely misses you.
You hit the gnoll. You claw the gnoll. Your headbutt misses the gnoll.
The gnoll is heavily wounded.
The gnoll hits you from afar with a +0 spear.
You hit the gnoll but do no damage. You claw the gnoll.
The gnoll is moderately wounded.
The gnoll barely misses you. The gnoll hits you but does no damage.
You hit the gnoll.
The gnoll is heavily wounded.
The gnoll hits you from afar with a +0 spear.
The gnoll hits you with a +0 whip.
You are too injured to fight recklessly!
You are too injured to fight recklessly!
You are too injured to fight recklessly!
You are too injured to fight recklessly!
You are too injured to fight recklessly!
You are too injured to fight recklessly!
You are too injured to fight recklessly!
You are too injured to fight recklessly!
You are too injured to fight recklessly!
You are too injured to fight recklessly!
You are too injured to fight recklessly!
Okay, then.
You feel much better. The gnoll hits you with a +0 spear.
The gnoll barely misses you.
You barely miss the gnoll.
The gnoll is heavily wounded.
The gnoll hits you with a +0 spear! The gnoll barely misses you.
You barely miss the gnoll. You claw the gnoll. You headbutt the gnoll.
You kill the gnoll!
The gnoll hits you with a +0 whip!
* * * LOW HITPOINT WARNING * * *
The gnoll hits you with a +0 whip.
* * * LOW HITPOINT WARNING * * *
The gnoll hits you with a +0 flail!
You die...

.# ..# #. ...#
#..### #####...#
.....###.......#
#...........#
#.)...#...#
###.#.g..#
##.(.#@##.....
#..###g# ....
###.## #g# .)
#...# #.# #.###
!.# #########.#
.## ..........#
#
....######)...#
....# .####


You could see 3 gnolls.

Vanquished Creatures
  A gnoll (D:2)
  An adder (D:2)
  A dart slug (D:1)
  2 ball pythons
  3 bats
  2 giant cockroaches
  A hobgoblin (D:1)
  2 kobolds
  A frilled lizard (D:2)
  2 rats
16 creatures vanquished.

Notes
Turn   | Place    | Note
-------+----------+-------------------------------------------
     0 | D:1      | qeuew the Demonspawn Gladiator began the quest for the Orb.
     0 | D:1      | Reached XP level 1. HP: 16/16 MP: 1/1
   146 | D:1      | Found Kagrus's General Store.
   212 | D:1      | Found Faodeoqo's Magic Scroll Boutique.
   429 | D:1      | Gained mutation: You are partially covered in slimy green
                  | scales. (AC +2) [demonic ancestry]
   429 | D:1      | Reached XP level 2. HP: 17/22 MP: 2/2
   575 | D:1      | Found Dary's Jewellery Shop.
   766 | D:1      | Found Vaixysh's Antique Armour Shop.
   998 | D:1      | Gained mutation: You sometimes lose your temper in combat.
                  | [potion of mutation]
   998 | D:1      | Gained mutation: Your body sometimes deteriorates upon
                  | taking damage. [potion of mutation]
   998 | D:1      | Gained mutation: You occasionally shout uncontrollably at
                  | your foes. [potion of mutation]
   998 | D:1      | Gained mutation: You have a pair of small horns on your
                  | head. [potion of mutation]
  1000 | D:1      | Lost mutation: Your body sometimes deteriorates upon taking
                  | damage. [potion of mutation]
  1000 | D:1      | Lost mutation: You occasionally shout uncontrollably at
                  | your foes. [potion of mutation]
  1000 | D:1      | Gained mutation: Armour fits poorly on your strangely
                  | shaped body. [potion of mutation]
  1000 | D:1      | Gained mutation: You expend magic power (3 MP) to
                  | strengthen your wands. [potion of mutation]
  1000 | D:1      | Gained mutation: You are strong-willed. (Will+) [potion of
                  | mutation]
  1000 | D:1      | Gained mutation: You have sharp toenails. [potion of
                  | mutation]
  1153 | D:2      | Reached skill level 3 in Long Blades
  1173 | D:2      | Reached skill level 1 in Armour
  1230 | D:2      | Found a faded altar of an unknown god.
  1335 | D:2      | Mangled by a gnoll

Illustrated notes

Levels and vault maps discovered:
D:1:      dpeg_arrival_lava_temple_mockup, layout_basic, serial_shops,
          nicolae_shop_advertising_works [nicolae_subvault_shop_adworks], shop,
          nicolae_shop_hallway_stairs, nicolae_shop_behind_doors
D:2:      layout_rooms, ebering_ecumenical_altar_rust

Skill      XL: |  1  2 |
---------------+-------+-----
Long Blades    | 3 |  3.1
Armour         | 1 |  1.1
Fighting       | |  2.1
Throwing       | |  1.8
Dodging        | |  2.9

Action                   || total
-------------------------++-------
Melee: Long sword        ||    45
       Kick              ||     5
       Headbutt          ||     2
  Use: Potion            ||     5
       Scroll            ||     3
Armor: Leather armour    ||    16
Dodge: Dodged            ||    30
